 Dungeon Crawl Stone Soup version 0.27-a0-328-g7f782ed93a (webtiles) character file.

Game seed: 13243096939271069171

84 wakim the Stinger (level 4, -7/33 HPs)
             Began as a Merfolk Venom Mage on Feb 12, 2021.
             Shot with an arrow by a centaur (9 damage)
             ... on level 2 of the Dungeon.
             The game lasted 00:05:48 (2011 turns).

wakim the Stinger (Merfolk Venom Mage)              Turns: 2011, Time: 00:05:49

Health: -7/33      AC:  2    Str:  8    XL:     4   Next: 45%
Magic:  1/7        EV: 13    Int: 15    God:
Gold:   116        SH:  0    Dex: 14    Spells: 1/8 levels left

rFire    . . .     SeeInvis .   a - +0 spear (freeze)
rCold    . . .     Faith    .   (no shield)
rNeg     . . .     Spirit   .   c - +0 robe
rPois    .         Reflect  .   (no helmet)
rElec    .         Harm     .   (no cloak)
rCorr    .         Rampage  .   (no gloves)
Will     .....                  (no boots)
Stlth    ++........             (no amulet)
HPRegen  0.11/turn              (no ring)
MPRegen  0.10/turn              (no ring)

@: no status effects
A: change form in water, swift swim, stealthy swim
a: no special abilities


You were on level 2 of the Dungeon.
You visited 1 branch of the dungeon, and saw 2 of its levels.

You collected 116 gold pieces.

Inventory:

Hand Weapons
 a - a +0 spear of freezing (weapon)
 g - a +0 dagger
Armour
 c - a +0 robe (worn)
Scrolls
 e - a scroll of identify {unknown}
 f - 3 scrolls of fear {unknown}
 i - a scroll of teleportation {unknown}
 k - a scroll of amnesia {unknown}
Potions
 b - a potion of heal wounds {unknown}
 d - 2 potions of attraction {unknown}
 h - a potion of brilliance {unknown}
 j - a potion of might {unknown}


   Skills:
 + Level 1.7 Fighting
 + Level 1.6 Polearms
 - Level 2.6 Dodging
 - Level 2.1 Stealth
 + Level 2.6 Spellcasting
 - Level 1.3 Transmutations
 * Level 4.4 Poison Magic


You had one spell level left.
You knew the following spells:

 Your Spells              Type           Power        Failure   Level
a - Sting                 Tmut/Pois      40%          6%          1
b - Poisonous Vapours     Pois/Air       16%          13%         2
c - Olgreb's Toxic Radia  Pois           15%          32%         4

Your spell library contained the following spells:

 Spells                   Type           Power        Failure   Level
 Ignite Poison            Fire/Tmut/Pois 7%           28%         3
 Mephitic Cloud           Conj/Pois/Air  6%           34%         3


Dungeon Overview and Level Annotations

Branches:
Dungeon (2/15)

Altars:


Message History

Your magical contamination has completely faded away.
There is a stone staircase leading up here.
HP restored.
You climb upwards.
There is a stone staircase leading down here.
You start resting.
Magic restored.
There is a stone staircase leading down here.
You climb downwards.
There is a stone staircase leading up here.
A centaur comes into view.
Poisonous vapours surround the centaur!
The centaur shouts!
You hear a shout!
The centaur is engulfed in poison gas.
The centaur is poisoned.
The centaur wields a +0 shortbow.
The centaur shoots an arrow.
The arrow hits you!
The centaur is engulfed in poison gas.
The centaur looks even sicker.
The centaur shoots an arrow.
The arrow hits you!
* * * LOW HITPOINT WARNING * * *
You are too injured to fight recklessly!
Casting: Poisonous Vapours (safe; 13% risk of failure)
Confirm with . or Enter, or press ? or * to list all spells.
Aiming: Poisonous Vapours (safe; 13% risk of failure)
Press: ? - help, Dir - move target, f/p - centaur
Aim: a centaur, wielding a +0 shortbow and quivering arrows (moderately wounded, very poisoned) Poisonous vapours surround the centaur!
The centaur is engulfed in poison gas.
The centaur looks even sicker.
The centaur shoots an arrow.
The arrow misses you.
Casting: Poisonous Vapours (safe; 13% risk of failure)
Confirm with . or Enter, or press ? or * to list all spells.
Aiming: Poisonous Vapours (safe; 13% risk of failure)
Press: ? - help, Dir - move target, f/p - centaur
Aim: a centaur, wielding a +0 shortbow and quivering arrows (heavily wounded, very poisoned) Poisonous vapours surround the centaur!
The centaur is engulfed in poison gas.
The centaur looks as sick as possible!
The centaur shoots an arrow.
The arrow hits you!
* * * LOW HITPOINT WARNING * * *
The centaur shoots an arrow.
The arrow hits you.
* * * LOW HITPOINT WARNING * * *
The centaur shoots an arrow.
The arrow hits you!
You die...

# #..#.#......#
#..#........#
#.#....#####.##
#..........#.#
#.####.##.##.#
# #.....# ##.#
##.#### #.#
####.# #.#
#.c.@# #.#
#.##.# #.# #.
### .. .## #. #


You could see a centaur (extremely poisoned).

Vanquished Creatures
  An adder (D:2)
  3 gnolls
  A worm (D:2)
  3 dart slugs
  2 leopard geckos
  A giant cockroach (D:2)
  5 goblins
  A hobgoblin (D:1)
  6 jackals (D:1)
  3 bats (D:1)
  5 frilled lizards
  2 kobolds (D:1)
  4 rats
37 creatures vanquished.

Notes
Turn   | Place    | Note
-------+----------+-------------------------------------------
     0 | D:1      | wakim the Merfolk Venom Mage began the quest for the Orb.
     0 | D:1      | Reached XP level 1. HP: 13/13 MP: 3/3
   222 | D:1      | Reached XP level 2. HP: 7/20 MP: 1/5
   429 | D:1      | Learned a level 2 spell: Poisonous Vapours
   534 | D:1      | Reached skill level 1 in Fighting
   704 | D:1      | Reached XP level 3. HP: 26/26 MP: 1/6
   788 | D:1      | Reached skill level 4 in Poison Magic
  1267 | D:2      | Reached skill level 1 in Polearms
  1286 | D:2      | Reached XP level 4. HP: 14/32 MP: 0/7
  1880 | D:2      | Learned a level 4 spell: Olgreb's Toxic Radiance
  2005 | D:2      | Noticed a centaur
  2011 | D:2      | Shot with an arrow by a centaur

Illustrated notes

Levels and vault maps discovered:
D:1:      dpeg_arrival_water_temple_mockup, layout_loops_ring
D:2:      layout_basic, cheibriados_altar_1, st_stairs_2,
          makhleb_heckhound_becter

Skill      XL: |  1  2  3 |
---------------+----------+-----
Fighting       | 1 |  1.7
Poison Magic   | 4 |  4.4
Polearms       | 1 |  1.6
Dodging        | |  2.6
Stealth        | |  2.1
Spellcasting   | |  2.6
Transmutations | |  1.3

Action                   |  1- 3 |  4- 6 || total
-------------------------+-------+-------++-------
Melee: Dagger            |     6 |       ||     6
       Unarmed           |     1 |       ||     1
       Spear             |    23 |    25 ||    48
 Cast: Sting             |     9 |       ||     9
       Poisonous Vapours |    17 |    16 ||    33
 Stab: Sleeping          |     2 |       ||     2
Armor: Robe              |     7 |     5 ||    12
Dodge: Dodged            |    20 |    25 ||    45

Table legend: (Time is in decaauts)
 A = Elapsed time spent in this place.
 B = Non-inter-level travel time spent in this place.
 C = Inter-level travel time spent in this place.
 D = Time resting spent in this place.
 E = Time spent auto-exploring this place.
 F = Levels seen in this place.
 G = Mean time per level.
                   A        B        C        D        E       F      G
               +--------+--------+--------+--------+--------+-----+--------+
         Total |   2015 |   1918 |     97 |    899 |    675 |   2 | 1007.5 |
       Dungeon |   2015 |   1918 |     97 |    899 |    675 |   2 | 1007.5 |
               +--------+--------+--------+--------+--------+-----+--------+

Top non-repeatable levels by time:
     D:1: 1620 daAuts
     D:2: 395 daAuts
